cohdb
Replays
Latest Replays
All Replays
Popular Replays
Top Player Replays
Match Explorer
How It Works
Community
CoH3 Stats
Reddit
Sign in to upload your games and track your stats! →
Sign in with Steam
Match 41418933
Unlisted
Match 41418933
Overview
Messages
Build Orders
End
Scout Squad
Construct Barracks
1⁄4-ton 4x4 Truck
Selects Armored Battlegroup
Selects Veteran Crews
Riflemen Squad
Riflemen Squad
Riflemen Squad
Infantry Support Center
Construct Medical Station
Construct Motor Pool
M8 Greyhound Armored Car
Selects Field Repairs
Grenade Package
Selects War Machine
M24 Chaffee Light Tank
Engineer Squad
M1918 Browning Automatic Rifles
Speedbird
烧花鸭烧雏鸡儿烧子鹅
0
0
Comments
sign in to comment!
No comments posted yet!